 Dungeon Sprint DCSS version 0.30-a0-924-g0ad0bf95bc (webtiles) character file.

Game seed: 17192392069146924566

2389 rocky1 the Fencer (level 9, -4/115 HPs)
             Began as a Merfolk Gladiator on Mar 22, 2023.
             Was an Initiate of Gozag.
             Slain by a ten-headed hydra (11 damage)
             ... in the Dungeon (Sprint IX: "|||||||||||||||||||||||||||||").
             The game lasted 00:02:15 (438 turns).

rocky1 the Fencer (Merfolk Gladiator)                Turns: 438, Time: 00:02:17

Health: -4/115     AC: 12    Str: 17    XL:     9   Next: 46%
Magic:  9/9        EV: 17    Int: 11    God:    Gozag
Gold:   648        SH:  0    Dex: 19    Spells: 8/8 levels left

rFire   . . .      SeeInvis .    o - +2 scimitar (holy)
rCold   . . .      Faith    .    (no shield)
rNeg    . . .      Spirit   .    r - +2 ring mail
rPois   .          Reflect  .    c - +0 helmet
rElec   .          Rampage  .    q - +0 cloak
rCorr   .          NoTele   +    (no gloves)
Will    .....                    p - +0 pair of boots Stlth
                                 (no amulet)
HPRegen 0.39/turn                s - +3 ring of strength
MPRegen 0.11/turn                t - +3 ring of intelligence

@: berserking (expiring), gold aura, very quick
A: (nimble swimmer 2), mertail
a: Renounce Religion, Potion Petition, Call Merchant, Bribe Branch


You were in the Dungeon.
You worshipped Gozag.
Gozag was pleased with you.
You visited 1 branch You collected 648 gold pieces.

Inventory:

Hand Weapons
 a - a +0 long sword
 o - a +2 scimitar of holy wrath (weapon)
Missiles
 e - a javelin (quivered)
Armour
 b - a +0 leather armour
 c - a +0 helmet (worn)
 p - a +0 pair of boots (worn)
 q - a +0 cloak (worn)
 r - a +2 ring mail (worn)
Jewellery
 s - a +3 ring of strength (left hand)
 t - a +3 ring of intelligence (right hand)
Wands
 n - a wand of acid (10)
Scrolls
 k - 2 scrolls of blinking
 m - 2 scrolls of amnesia
Potions
 f - 5 potions of curing
 g - a potion of invisibility
 h - a potion of haste
 i - 4 potions of magic
 l - a potion of heal wounds


   Skills:
 + Level 9.4 Fighting
 + Level 16.0 Long Blades
 + Level 6.1 Throwing
 + Level 6.2 Armour
 + Level 11.1 Dodging
 + Level 7.4 Stealth


You had 8 spell levels left.
You didn't know any spells.
Your spell library was empty.

Dungeon Overview and Level Annotations

Branches:
Dungeon (1/1)

Altars:
Cheibriados
Dithmenos
Elyvilon
Fedhas
Gozag
Hepliaklqana
Kikubaaqudgha
Makhleb
Nemelex Xobeh
Okawaru
Qazlal
Ru
Sif Muna
Trog
Uskayaw
Vehumet
Wu Jian
Xom
Yredelemnul
Zin
The Shining One
Jiyva
Lugonu


Innate Abilities, Weirdness & Mutations

((You are very nimble when in or above water. (Stealth+, EV+, Speed+++)))
Your lower body shifts to a powerful aquatic tail in water.


Message History

The six-headed hydra bites you but does no damage. x2
The six-headed hydra barely misses you. x2
You completely miss the six-headed hydra.
The six-headed hydra is heavily wounded.
You slice one of the six-headed hydra's heads off!
The five-headed hydra grows two more!
You slash the seven-headed hydra!
The seven-headed hydra is moderately wounded.
The seven-headed hydra bites you.
The seven-headed hydra bites you but does no damage. x2
The seven-headed hydra closely misses you.
The seven-headed hydra bites you!
The seven-headed hydra bites you but does no damage.
The seven-headed hydra barely misses you.
You lop one of the seven-headed hydra's heads off!
The six-headed hydra grows two more!
You slash the eight-headed hydra!
The eight-headed hydra is moderately wounded.
You barely miss the eight-headed hydra.
The eight-headed hydra is moderately wounded.
The eight-headed hydra bites you.
* * * LOW HITPOINT WARNING * * *
The eight-headed hydra bites you.
* * * LOW HITPOINT WARNING * * *
The eight-headed hydra barely misses you.
The eight-headed hydra bites you!
* * * LOW HITPOINT WARNING * * *
The eight-headed hydra misses you.
The eight-headed hydra bites you but does no damage.
The eight-headed hydra misses you.
The eight-headed hydra completely misses you.
You slice one of the eight-headed hydra's heads off!
The seven-headed hydra grows two more!
You slice the nine-headed hydra!!
The nine-headed hydra is heavily wounded.
You lop one of the nine-headed hydra's heads off!
The eight-headed hydra grows two more!
You hit the ten-headed hydra.
The ten-headed hydra is heavily wounded.
The ten-headed hydra bites you!
* * * LOW HITPOINT WARNING * * *
The ten-headed hydra bites you!
You die...
Your body crumbles into a pile of gold.

▓'▓
$ $
▓)▓
▓)▓
$
▓)▓
$
▓.▓
$ $
▓.▓
$
▓.▓
$
▓$▓
▓@▓
▓D▓
▓.▓
▓.▓
▓.▓
▓.▓
▓+▓


You could see a ten-headed hydra.

Vanquished Creatures
  A centaur warrior (D)
  A deep elf pyromancer (D)
  A cyclops (D)
  A troll (D)
  A yak (D)
  A wraith (D)
  An orc warrior (D)
  An ogre (D)
  2 centaurs (D)
  A scorpion (D)
  A wight (D)
  2 hounds (D)
  An orc wizard (D)
  A worm (D)
  2 ball pythons (D)
  2 endoplasms (D)
  A frilled lizard (D)
21 creatures vanquished.

Notes
Turn   | Place    | Note
-------+----------+-------------------------------------------
     0 | D        | rocky1 the Merfolk Gladiator began the quest for the Orb.
     0 | D        | Reached XP level 1. HP: 16/16 MP: 1/1
     9 | D        | Reached skill level 4 in Long Blades
    86 | D        | Noticed a scorpion
    86 | D        | Noticed a hound
    86 | D        | Noticed a hound
    86 | D        | Noticed an ogre
    93 | D        | Killed a scorpion
    94 | D        | Reached skill level 6 in Long Blades
    94 | D        | Reached skill level 1 in Stealth
    94 | D        | Reached XP level 2. HP: 19/24 MP: 2/2
    94 | D        | Reached XP level 3. HP: 23/29 MP: 3/3
    94 | D        | Reached XP level 4. HP: 29/36 MP: 4/4
   102 | D        | Reached skill level 7 in Long Blades
   102 | D        | Reached skill level 1 in Armour
   112 | D        | Reached XP level 5. HP: 30/42 MP: 5/5
   113 | D        | Killed an ogre
   114 | D        | Reached skill level 9 in Long Blades
   128 | D        | Found a snail-covered altar of Cheibriados.
   128 | D        | Found a shadowy altar of Dithmenos.
   128 | D        | Found a white marble altar of Elyvilon.
   128 | D        | Found a blossoming altar of Fedhas.
   128 | D        | Found an opulent altar of Gozag.
   129 | D        | Found a hazy altar of Hepliaklqana.
   130 | D        | Found a viscous altar of Jiyva.
   157 | D        | Found an ancient bone altar of Kikubaaqudgha.
   158 | D        | Found a corrupted altar of Lugonu.
   159 | D        | Found a burning altar of Makhleb.
   160 | D        | Found a sparkling altar of Nemelex Xobeh.
   161 | D        | Found an iron altar of Okawaru.
   162 | D        | Became a worshipper of Gozag Ym Sagoz the Greedy
   163 | D        | Found a stormy altar of Qazlal.
   164 | D        | Found a sacrificial altar of Ru.
   165 | D        | Found a shimmering blue altar of Sif Muna.
   166 | D        | Found a bloodstained altar of Trog.
   167 | D        | Found a hide-covered altar of Uskayaw.
   168 | D        | Found a radiant altar of Vehumet.
   169 | D        | Found an ornate altar of the Wu Jian Council.
   170 | D        | Found a shimmering altar of Xom.
   171 | D        | Found a basalt altar of Yredelemnul.
   172 | D        | Found a glowing silver altar of Zin.
   173 | D        | Found a glowing golden altar of the Shining One.
   224 | D        | Noticed a troll
   224 | D        | Noticed an orc warrior
   224 | D        | Noticed a yak
   224 | D        | Noticed a centaur
   228 | D        | Reached skill level 5 in Fighting
   228 | D        | Reached XP level 6. HP: 51/51 MP: 6/6
   233 | D        | Killed a troll
   234 | D        | Reached skill level 11 in Long Blades
   234 | D        | Reached skill level 5 in Throwing
   234 | D        | Reached XP level 7. HP: 58/58 MP: 7/7
   240 | D        | Reached skill level 5 in Stealth
   245 | D        | Killed a yak
   246 | D        | Reached skill level 12 in Long Blades
   246 | D        | Reached skill level 10 in Dodging
   397 | D        | Noticed a wraith
   397 | D        | Noticed a cyclops
   397 | D        | Noticed a centaur warrior
   397 | D        | Noticed a deep elf pyromancer
   397 | D        | Noticed a four-headed hydra
   402 | D        | Killed a wraith
   403 | D        | Reached skill level 13 in Long Blades
   403 | D        | Reached XP level 8. HP: 67/67 MP: 8/8
   412 | D        | Killed a cyclops
   413 | D        | Reached skill level 14 in Long Blades
   413 | D        | Reached skill level 5 in Armour
   420 | D        | Killed a centaur warrior
   421 | D        | Reached skill level 15 in Long Blades
   421 | D        | Reached XP level 9. HP: 52/75 MP: 9/9
   427 | D        | Killed a deep elf pyromancer
   428 | D        | Reached skill level 16 in Long Blades
   438 | D        | Slain by a ten-headed hydra

Illustrated notes

Levels and vault maps discovered:
D:        linesprint [early_d, line_temple, items_1, d_10, items_2, lair_1,
          lair_end, items_3, orc_1, orc_end, items_4, d_15, swamp_1, shoals_1,
          snake_1, spider_1, d_20, vaults_1, items_5, swamp_end, shoals_end,
          snake_end, spider_end, vaults_end, d_27, items_6, zot_1, zot_end,
          crypt_end, forest_end, elf_end, slime_end, tomb_end, abyss_end,
          pan_hell_end]

Skill      XL: |  1  2  3  4  5  6  7  8  9 |
---------------+----------------------------+-----
Long Blades    | 6 7 9 11 13 15 16 | 16.0
Fighting       | 3 4 5 6 7 8 9 |  9.4
Throwing       | 3 4 5 6 |  6.1
Dodging        | 6 7 8 9 10 11 | 11.1
Stealth        | 1 2 3 4 6 7 |  7.4
Armour         | 1 2 3 4 5 6 |  6.2

Action                     |  1- 3 |  4- 6 |  7- 9 || total
---------------------------+-------+-------+-------++-------
  Melee: Long sword        |    17 |    23 |       ||    40
         Punch             |       |     1 |     2 ||     3
         Scimitar          |       |     7 |    58 ||    65
  Throw: Throwing net      |     2 |     2 |     1 ||     5
         Javelin           |       |     1 |       ||     1
    Use: Potion            |       |     1 |     2 ||     3
   Stab: Held in net/web   |     1 |     1 |       ||     2
         Distracted        |     1 |       |       ||     1
 Armour: Leather armour    |     4 |     1 |       ||     5
         Ring mail         |       |     1 |    22 ||    23
  Dodge: Dodged            |     6 |    14 |    47 ||    67

Table legend: (Time is in decaauts)
 A = Elapsed time spent in this place.
 B = Non-inter-level travel time spent in this place.
 C = Inter-level travel time spent in this place.
 D = Time resting spent in this place.
 E = Time spent auto-exploring this place.
 F = Levels seen in this place.
 G = Mean time per level.
                   A        B        C        D        E       F      G
               +--------+--------+--------+--------+--------+-----+--------+
         Total |    423 |    423 |      0 |    214 |      0 |   1 |  423.0 |
       Dungeon |    423 |    423 |      0 |    214 |      0 |   1 |  423.0 |
               +--------+--------+--------+--------+--------+-----+--------+

Top non-repeatable levels by time:
       D: 423 daAuts
